TOP OF THE 1ST |
Seton Hall Pirates batting - Pitching for Virginia Tech Hokies : RHP Gary Thompson
|
Pitching: RHP Gary Thompson
|
|
Batting: RHB Ken Horn
|
0-0: Ball 1-0: Called Strike 1-1: Foul Ball, location: 2F 1-2: Foul Ball, location: 2F 1-2: Ball 2-2: Foul Ball, location: 2F 2-2: DOUBLE (Flyball, 8LD)
|
Batting: RHB Joe Lord
|
0-0: Ball 1-0: Ball 2-0: Foul Ball, location: 2F 2-1: Called Strike 2-2: Ball 3-2: Foul Ball, location: 2F 3-2: Base on Balls
|
Batting: LHB Vernon Riley
|
0-0: Called Strike 0-1: Foul Ball, location: 2F 0-2: Ball 1-2: Ball 2-2: 3-RUN HOME RUN (Flyball, 9LD), Distance : 319 ft
|
Batting: RHB Matt Hidalgo
|
0-0: Called Strike 0-1: Ball 1-1: Swinging Strike 1-2: Ground out 6-3 (Groundball, 6)
|
Batting: LHB Turner Burns
|
0-0: Ball 1-0: Swinging Strike 1-1: Ball 2-1: SINGLE (Popup, 6MD)
|
Batting: RHB Fernando Cuevas
|
0-0: Ball 1-0: Foul Ball, location: 2F 1-1: Swinging Strike 1-2: Ball 2-2: Ball 3-2: Foul Ball, location: 2F 3-2: Strikes out swinging
|
Batting: RHB Chris Rigney
|
0-0: Fly out, F8 (Flyball, 8LD)
|
Top of the 1st over - 3 runs, 3 hits, 0 errors, 1 left on base; Seton Hall 3 - Virginia Tech 0 |
BOTTOM OF THE 1ST |
Virginia Tech Hokies batting - Pitching for Seton Hall Pirates : LHP Andy Fender
|
Pitching: LHP Andy Fender
|
|
Batting: LHB David Ortega
|
0-0: Fly out, F1 (Line Drive, 15)
|
Batting: RHB Octávio Ramérez
|
0-0: Ground out 6-3 (Groundball, 56)
|
Batting: RHB Eric Clay
|
0-0: Ball 1-0: Called Strike 1-1: Hit by Pitch
|
Batting: RHB Dusty Green
|
0-0: Ball 1-0: Foul Ball, location: 2F 1-1: Foul Ball, location: 2F 1-2: Foul Ball, location: 2F 1-2: Ball 2-2: Strikes out swinging
|
Bottom of the 1st over - 0 runs, 0 hits, 0 errors, 1 left on base; Seton Hall 3 - Virginia Tech 0 |
TOP OF THE 2ND |
Seton Hall Pirates batting - Pitching for Virginia Tech Hokies : RHP Gary Thompson
|
Batting: SHB Carlos Moreno
|
0-0: SINGLE (Flyball, 78M)
|
Batting: LHB Pedro Cortés
|
0-0: Called Strike 0-1: Grounds into double play, 5-4-3 (Groundball, 5)
|
Batting: RHB Ken Horn
|
0-0: Ball 1-0: Foul Ball, location: 2F 1-1: Swinging Strike 1-2: Foul Ball, location: 2F 1-2: Ball 2-2: Ball 3-2: Foul Ball, location: 2F 3-2: Ground out 1-3 (Groundball, 13S)
|
Top of the 2nd over - 0 runs, 1 hit, 0 errors, 0 left on base; Seton Hall 3 - Virginia Tech 0 |
BOTTOM OF THE 2ND |
Virginia Tech Hokies batting - Pitching for Seton Hall Pirates : LHP Andy Fender
|
Batting: SHB Daniel Lee
|
0-0: Called Strike 0-1: Ball 1-1: Ball 2-1: Called Strike 2-2: Strikes out swinging
|
Batting: LHB Ben Webb
|
0-0: Swinging Strike 0-1: Foul Ball, location: 2F 0-2: Ball 1-2: Fly out, F5 (Popup, 5SF)
|
Batting: RHB Jake Holmes
|
0-0: Called Strike 0-1: Ground out 6-3 (Groundball, 6)
|
Bottom of the 2nd over - 0 runs, 0 hits, 0 errors, 0 left on base; Seton Hall 3 - Virginia Tech 0 |
TOP OF THE 3RD |
Seton Hall Pirates batting - Pitching for Virginia Tech Hokies : RHP Gary Thompson
|
Batting: RHB Joe Lord
|
0-0: Called Strike 0-1: SINGLE (Groundball, 6MD)
|
Batting: LHB Vernon Riley
|
0-0: Foul Ball, location: 2F 0-1: Swinging Strike 0-2: Ball 1-2: Ball 2-2: Ball 3-2: SINGLE (Groundball, 34D) (infield hit) Joe Lord to second
|
Batting: RHB Matt Hidalgo
|
0-0: Called Strike 0-1: Ball 1-1: Ball 2-1: Fly out, F6 (Flyball, 56D)
|
Batting: LHB Turner Burns
|
0-0: Called Strike 0-1: Ball 1-1: Ball 2-1: Ball 3-1: Base on Balls Joe Lord to third Vernon Riley to second
|
Batting: RHB Fernando Cuevas
|
0-0: Called Strike 0-1: Called Strike 0-2: Ball 1-2: Ball 2-2: Ball 3-2: Base on Balls Joe Lord scores Vernon Riley to third Turner Burns to second
|
Batting: RHB Chris Rigney
|
0-0: Called Strike 0-1: Fly out, F4 (Popup, 4)
|
Batting: SHB Carlos Moreno
|
0-0: Swinging Strike 0-1: Ball 1-1: Ball 2-1: Foul Ball, location: 2F 2-2: Strikes out looking
|
Top of the 3rd over - 1 run, 2 hits, 0 errors, 3 left on base; Seton Hall 4 - Virginia Tech 0 |
BOTTOM OF THE 3RD |
Virginia Tech Hokies batting - Pitching for Seton Hall Pirates : LHP Andy Fender
|
Batting: SHB Junior Campbell
|
0-0: Fly out, F5 (Line Drive, 5)
|
Batting: RHB Tim Wise
|
0-0: Called Strike 0-1: DOUBLE (Line Drive, 5D)
|
Batting: LHB David Ortega
|
0-0: Ball 1-0: Called Strike 1-1: Ball 2-1: Ball 3-1: Base on Balls
|
Batting: RHB Octávio Ramérez
|
0-0: Called Strike 0-1: Ball 1-1: Ball 2-1: Called Strike 2-2: Strikes out swinging
|
Batting: RHB Eric Clay
|
0-0: Called Strike 0-1: Foul Ball, location: 2F 0-2: Ball 1-2: Foul Ball, location: 2F 1-2: Strikes out swinging
|
Bottom of the 3rd over - 0 runs, 1 hit, 0 errors, 2 left on base; Seton Hall 4 - Virginia Tech 0 |
TOP OF THE 4TH |
Seton Hall Pirates batting - Pitching for Virginia Tech Hokies : RHP Gary Thompson
|
Batting: LHB Pedro Cortés
|
0-0: Swinging Strike 0-1: Foul Ball, location: 2F 0-2: Ground out 4-3 (Groundball, 4)
|
Batting: RHB Ken Horn
|
0-0: Foul Ball, location: 2F 0-1: Fly out, F9 (Flyball, 9)
|
Batting: RHB Joe Lord
|
0-0: Fly out, F7 (Flyball, 7LM)
|
Top of the 4th over - 0 runs, 0 hits, 0 errors, 0 left on base; Seton Hall 4 - Virginia Tech 0 |
BOTTOM OF THE 4TH |
Virginia Tech Hokies batting - Pitching for Seton Hall Pirates : LHP Andy Fender
|
Batting: RHB Dusty Green
|
0-0: SINGLE (Groundball, 6MD)
|
Batting: SHB Daniel Lee
|
0-0: Called Strike 0-1: Fielders Choice at 2nd, 1-4 (Groundball, 15S)
|
Batting: LHB Ben Webb
|
0-0: Foul Ball, location: 2F 0-1: SINGLE (Line Drive, 78S) Daniel Lee to second
|
Batting: RHB Jake Holmes
|
0-0: Ball 1-0: Swinging Strike 1-1: Swinging Strike 1-2: Foul Ball, location: 2F 1-2: Ball 2-2: Foul Ball, location: 2F 2-2: Reached on error, E4 (Groundball, 4) Daniel Lee to third Ben Webb to second
|
Batting: SHB Junior Campbell
|
0-0: Ball 1-0: Ball 2-0: SINGLE (Groundball, 6MD) Daniel Lee scores Ben Webb to third Jake Holmes to second
|
Batting: RHB Tim Wise
|
0-0: Foul Ball, location: 2F 0-1: SINGLE (Groundball, 6MD) Ben Webb scores Jake Holmes to third Junior Campbell to second
|
Batting: LHB David Ortega
|
0-0: TRIPLE (Line Drive, 89XD) Jake Holmes scores Junior Campbell scores Tim Wise scores
|
Pitching: LHP Laurent Bélisle
|
|
Batting: RHB Octávio Ramérez
|
0-0: Ball 1-0: Foul Ball, location: 2F 1-1: Foul Ball, location: 2F 1-2: Foul Ball, location: 2F 1-2: Fly out, F8 (Flyball, 8RXD) Runner from 3rd tags up, SCORES, no throw
|
Batting: RHB Eric Clay
|
0-0: Ball 1-0: Ball 2-0: SINGLE (Groundball, 6MD)
|
Batting: RHB Dusty Green
|
0-0: Foul Ball, location: 2F 0-1: Swinging Strike 0-2: Strikes out swinging
|
Bottom of the 4th over - 6 runs, 6 hits, 1 error, 1 left on base; Seton Hall 4 - Virginia Tech 6 |
TOP OF THE 5TH |
Seton Hall Pirates batting - Pitching for Virginia Tech Hokies : RHP Gary Thompson
|
Pitching: RHP Jim McDonald
|
|
Batting: LHB Vernon Riley
|
0-0: Swinging Strike 0-1: Swinging Strike 0-2: Ball 1-2: Foul Ball, location: 2F 1-2: Ground out U3 (Groundball, 34D)
|
Batting: RHB Matt Hidalgo
|
0-0: Ball 1-0: Foul Ball, location: 2F 1-1: Ground out 4-3 (Groundball, 4)
|
Batting: LHB Turner Burns
|
0-0: Foul Ball, location: 2F 0-1: Fly out, F8 (Flyball, 8LM)
|
Top of the 5th over - 0 runs, 0 hits, 0 errors, 0 left on base; Seton Hall 4 - Virginia Tech 6 |
BOTTOM OF THE 5TH |
Virginia Tech Hokies batting - Pitching for Seton Hall Pirates : LHP Laurent Bélisle
|
Batting: SHB Daniel Lee
|
0-0: Ball 1-0: Ball 2-0: Swinging Strike 2-1: Swinging Strike 2-2: Strikes out swinging
|
Batting: LHB Ben Webb
|
0-0: Ball 1-0: Ball 2-0: Called Strike 2-1: Ball 3-1: Fly out, F9 (Flyball, 9LM)
|
Batting: RHB Jake Holmes
|
0-0: Called Strike 0-1: Foul Ball, location: 2F 0-2: Foul Ball, location: 2F 0-2: Ball 1-2: Ball 2-2: Ball 3-2: Base on Balls
|
Batting: SHB Junior Campbell
|
0-0: Ball Jake Holmes steals 2nd base 1-0: Ball 2-0: Swinging Strike 2-1: Foul Ball, location: 2F 2-2: Foul Ball, location: 2F 2-2: Ball 3-2: Base on Balls
|
Batting: RHB Tim Wise
|
0-0: DOUBLE (Line Drive, 7LM) Jake Holmes scores Junior Campbell to third
|
Batting: LHB David Ortega
|
0-0: Ball 1-0: Ground out 4-3 (Groundball, 4M)
|
Bottom of the 5th over - 1 run, 1 hit, 0 errors, 2 left on base; Seton Hall 4 - Virginia Tech 7 |
TOP OF THE 6TH |
Seton Hall Pirates batting - Pitching for Virginia Tech Hokies : RHP Jim McDonald
|
Batting: RHB Fernando Cuevas
|
0-0: SOLO HOME RUN (Flyball, 7LD), Distance : 316 ft
|
Batting: RHB Chris Rigney
|
0-0: Reached on error, E5 (Groundball, 56)
|
Batting: SHB Carlos Moreno
|
0-0: Called Strike 0-1: Foul Ball, location: 2F 0-2: Grounds into double play, 4-6-3 (Groundball, 4)
|
Batting: LHB Pedro Cortés
|
0-0: Ball 1-0: Ball 2-0: Called Strike 2-1: Fly out, F8 (Flyball, 8RD)
|
Top of the 6th over - 1 run, 1 hit, 1 error, 0 left on base; Seton Hall 5 - Virginia Tech 7 |
BOTTOM OF THE 6TH |
Virginia Tech Hokies batting - Pitching for Seton Hall Pirates : LHP Laurent Bélisle
|
Batting: RHB Octávio Ramérez
|
0-0: Ball 1-0: Ball 2-0: Fly out, F9 (Line Drive, 89D)
|
Batting: RHB Eric Clay
|
0-0: Ball 1-0: Ball 2-0: Called Strike 2-1: Fly out, F8 (Flyball, 8RS)
|
Batting: RHB Dusty Green
|
0-0: Swinging Strike 0-1: Foul Ball, location: 2F 0-2: Fly out, F9 (Flyball, 89M)
|
Bottom of the 6th over - 0 runs, 0 hits, 0 errors, 0 left on base; Seton Hall 5 - Virginia Tech 7 |
TOP OF THE 7TH |
Seton Hall Pirates batting - Pitching for Virginia Tech Hokies : RHP Jim McDonald
|
Batting: RHB Ken Horn
|
0-0: Foul Ball, location: 2F 0-1: Ball 1-1: Foul Ball, location: 2F 1-2: Ball 2-2: Foul Ball, location: 2F 2-2: Strikes out swinging
|
Batting: RHB Joe Lord
|
0-0: Fly out, F9 (Line Drive, 9D)
|
Now in RF: Robbie Weatherdon
|
|
Batting: LHB Vernon Riley
|
0-0: Called Strike 0-1: Ball 1-1: Ball 2-1: Foul Ball, location: 2F 2-2: Ball 3-2: Foul Ball, location: 2F 3-2: Base on Balls
|
Batting: RHB Matt Hidalgo
|
0-0: Swinging Strike 0-1: Foul Ball, location: 2F 0-2: Foul Ball, location: 2F 0-2: Ball 1-2: DOUBLE (Line Drive, 89D) Vernon Riley to third
|
Batting: LHB Turner Burns
|
0-0: Ball 1-0: Called Strike 1-1: Ball 2-1: Called Strike 2-2: Foul Ball, location: 2F 2-2: Ball 3-2: Strikes out looking
|
Top of the 7th over - 0 runs, 1 hit, 0 errors, 2 left on base; Seton Hall 5 - Virginia Tech 7 |
BOTTOM OF THE 7TH |
Virginia Tech Hokies batting - Pitching for Seton Hall Pirates : LHP Laurent Bélisle
|
Batting: RHB Robbie Weatherdon
|
0-0: Foul Ball, location: 2F 0-1: SINGLE (Groundball, 6MS) (infield hit)
|
Batting: LHB Ben Webb
|
0-0: Fly out, F8 (Flyball, 8LM)
|
Batting: RHB Jake Holmes
|
0-0: Foul Ball, location: 2F 0-1: Ball 1-1: Ball 2-1: Swinging Strike 2-2: Ball 3-2: Foul Ball, location: 2F 3-2: Ground out 6-3 (Groundball, 6MS) Robbie Weatherdon to second
|
Pitching: LHP Keith Case
|
|
Batting: SHB Junior Campbell
|
0-0: Ball 1-0: Ball 2-0: Ball 3-0: Called Strike 3-1: Called Strike 3-2: Base on Balls
|
Pinch Hitting: RHB Ted Stout
|
0-0: Ball 1-0: Called Strike 1-1: Ball 2-1: Ball 3-1: Base on Balls Robbie Weatherdon to third Junior Campbell to second
|
Batting: LHB David Ortega
|
0-0: Ball 1-0: Called Strike 1-1: Ball 2-1: Fly out, F9 (Flyball, 9)
|
Bottom of the 7th over - 0 runs, 1 hit, 0 errors, 3 left on base; Seton Hall 5 - Virginia Tech 7 |
TOP OF THE 8TH |
Seton Hall Pirates batting - Pitching for Virginia Tech Hokies : RHP Jim McDonald
|
Now at 3B: Rick Bascombe
|
|
Batting: RHB Fernando Cuevas
|
0-0: Called Strike 0-1: Ball 1-1: Foul Ball, location: 2F 1-2: Ball 2-2: SOLO HOME RUN (Flyball, 7D), Distance : 354 ft
|
Batting: RHB Chris Rigney
|
0-0: Ball 1-0: Foul Ball, location: 2F 1-1: Ball 2-1: SINGLE (Line Drive, 8LS)
|
Pitching: RHP Zack Quintero
|
|
Pinch Runner at 1st Bob Barnes:
|
|
Batting: SHB Carlos Moreno
|
0-0: Ball 1-0: Called Strike 1-1: Ball 2-1: Ball 3-1: Foul Ball, location: 2F 3-2: SINGLE (Flyball, 8RM) Bob Barnes to second Runner from 2nd tries for 3rd, SAFE, no throw
|
Batting: LHB Pedro Cortés
|
0-0: Ball 1-0: Called Strike 1-1: Ball 2-1: Ball 3-1: Foul Ball, location: 2F 3-2: Base on Balls Carlos Moreno to second
|
Batting: RHB Ken Horn
|
0-0: Called Strike 0-1: Swinging Strike 0-2: Ball 1-2: Ball 2-2: Foul Ball, location: 2F 2-2: Ball 3-2: Base on Balls Bob Barnes scores Carlos Moreno to third Pedro Cortés to second
|
Batting: RHB Joe Lord
|
0-0: Ball 1-0: Swinging Strike 1-1: Ball 2-1: Foul Ball, location: 2F 2-2: Strikes out looking
|
Batting: LHB Vernon Riley
|
0-0: Ball 1-0: Swinging Strike 1-1: Swinging Strike 1-2: Ball 2-2: Ball 3-2: Grounds into double play, 5-2-3 (Groundball, 5)
|
Top of the 8th over - 2 runs, 3 hits, 0 errors, 2 left on base; Seton Hall 7 - Virginia Tech 7 |
BOTTOM OF THE 8TH |
Virginia Tech Hokies batting - Pitching for Seton Hall Pirates : LHP Keith Case
|
Now at SS: Bob Barnes
|
|
Batting: RHB Octávio Ramérez
|
0-0: Ground out 4-3 (Groundball, 34)
|
Batting: RHB Eric Clay
|
0-0: Called Strike 0-1: Ball 1-1: Reached via error on a dropped throw, E3
|
Batting: RHB Dusty Green
|
0-0: Called Strike 0-1: Called Strike 0-2: Strikes out swinging
|
Batting: RHB Robbie Weatherdon
|
0-0: Called Strike 0-1: Ball 1-1: Called Strike 1-2: Strikes out looking
|
Bottom of the 8th over - 0 runs, 0 hits, 1 error, 1 left on base; Seton Hall 7 - Virginia Tech 7 |
TOP OF THE 9TH |
Seton Hall Pirates batting - Pitching for Virginia Tech Hokies : RHP Zack Quintero
|
Batting: RHB Matt Hidalgo
|
0-0: Called Strike 0-1: Ball 1-1: Called Strike 1-2: Foul Ball, location: 2F 1-2: Strikes out looking
|
Batting: LHB Turner Burns
|
0-0: Fly out, F9 (Line Drive, 9)
|
Batting: RHB Fernando Cuevas
|
0-0: Ball 1-0: Called Strike 1-1: Ball 2-1: Foul Ball, location: 2F 2-2: Ball 3-2: Foul Ball, location: 2F 3-2: Base on Balls
|
Pinch Hitting: RHB Juan Escobedo
|
0-0: Ball 1-0: Swinging Strike 1-1: Ball 2-1: DOUBLE (Groundball, 5L) Fernando Cuevas to third Runner from 3rd tries for Home, SAFE, throw made at trailing runner, OUT at third!
|
Top of the 9th over - 1 run, 1 hit, 0 errors, 0 left on base; Seton Hall 8 - Virginia Tech 7 |
BOTTOM OF THE 9TH |
Virginia Tech Hokies batting - Pitching for Seton Hall Pirates : LHP Keith Case
|
Now at 1B: Jake Henshaw
|
|
Now at SS: Liam Simons
|
|
Batting: LHB Ben Webb
|
0-0: Foul Ball, location: 2F 0-1: Foul Ball, location: 2F 0-2: Ground out 4-3 (Groundball, 4)
|
Batting: RHB Jake Holmes
|
0-0: Ball 1-0: Ball 2-0: Ball 3-0: Base on Balls
|
Pitching: RHP Tom Skiffington
|
|
Batting: SHB Junior Campbell
|
0-0: Called Strike 0-1: Foul Ball, location: 2F 0-2: Ball 1-2: Foul Ball, location: 2F 1-2: Ball 2-2: SINGLE (Groundball, 5D) Jake Holmes to second
|
Pinch Hitting: RHB Elliott Short
|
0-0: Called Strike 0-1: Ball 1-1: Ball 2-1: Swinging Strike 2-2: Strikes out swinging
|
Batting: LHB David Ortega
|
0-0: Called Strike 0-1: DOUBLE (Line Drive, 3D) Jake Holmes scores Junior Campbell to third Runner from 3rd tries for Home, SAFE, no throw
|
Saturday, April 7th, 2018 - OOTP Baseball 18.8 Build 76
|
|